 Dungeon Crawl Stone Soup version 0.29-a0-473-gacb4ef3bc5 (webtiles) character file.

Game seed: 15382405675046179062

81 KristoblXynda the Skirmisher (level 4, 0/40 HPs)
             Began as a Draconian Monk on May 23, 2022.
             Engulfed by a cloud of poison gas (3 damage)
             ... on level 2 of the Dungeon.
             The game lasted 00:02:07 (1940 turns).

KristoblXynda the Skirmisher (Draconian Monk)       Turns: 1940, Time: 00:02:08

Health: 0/40       AC:  6    Str: 15    XL:     4   Next: 20%
Magic:  4/4        EV: 13    Int: 11    God:
Gold:   110        SH:  0    Dex: 13    Spells: 3/3 levels left

rFire   + . .      SeeInvis .     - Unarmed
rCold   . . .      Faith    .   (no shield)
rNeg    . . .      Spirit   .   (body armour unavailable)
rPois   .          Reflect  .   (helmet restricted)
rElec   .          Harm     .   (no cloak)
rCorr   .          Rampage  .   (no gloves)
Will    .....                   i - +0 pair of boots
Stlth   +.........              (no amulet)
HPRegen 0.13/turn               g - ring of protection from fire
MPRegen 0.09/turn               (no ring)

@: confused, lethally poisoned (0 -> -41), ambrosia-drunk
A: AC +5, unfitting armour, cold-blooded
a: no special abilities


You were on level 2 of the Dungeon.
You visited 1 branch of the dungeon, and saw 2 of its levels.

You collected 192 gold pieces.
You spent 82 gold pieces at shops.

Inventory:

Armour
 i - a +0 pair of boots (worn)
Jewellery
 d - a ring of flight
 g - a ring of protection from fire (left hand)
 m - a ring of ice
Scrolls
 b - a scroll of teleportation {unknown}
 c - 3 scrolls of enchant armour
 k - a scroll of vulnerability {unknown}
 n - 2 scrolls of identify
 p - a scroll of brand weapon {unknown}
Potions
 e - 2 potions of flight
 f - a potion of experience {unknown}
 h - 2 potions of mutation {unknown}
 j - a potion of cancellation {unknown}
 l - a potion of might {unknown}


   Skills:
 + Level 4.2 Fighting
 + Level 3.4 Dodging
 - Level 1.7 Stealth
 + Level 3.7 Unarmed Combat


You had 3 spell levels left.
You didn't know any spells.
Your spell library was empty.

Dungeon Overview and Level Annotations

Branches:
Dungeon (2/15)

Altars:
Okawaru

Shops:
D:2 ?

Annotations:
D:2 Crazy Yiuf


Innate Abilities, Weirdness & Mutations

Your plain brown scales are hard. (AC +5)
You cannot fit into any form of body armour.
You are cold-blooded and may be slowed by cold attacks.


Message History

Really read the scroll of poison?
The air fills with toxic fumes!
As you read the scroll of poison, it crumbles to dust.
You feel yourself speed up. Crazy Yiuf barely misses you.
Unknown command.
You hit Crazy Yiuf. You punch Crazy Yiuf.
Crazy Yiuf is moderately wounded.
Crazy Yiuf whimpers, "Cake!"
Crazy Yiuf hits you with a +4 quarterstaff of chaos!
Crazy Yiuf freezes you.
You hit Crazy Yiuf.
Crazy Yiuf is moderately wounded.
Crazy Yiuf barely misses you.
You barely miss Crazy Yiuf. You tail-slap Crazy Yiuf.
Crazy Yiuf is heavily wounded.
Crazy Yiuf hits you with a +4 quarterstaff of chaos!
* * * LOW HITPOINT WARNING * * *
You are confused.
You feel invigorated.
Crazy Yiuf says, "Lugonu Orb Guardian blue!"
Crazy Yiuf hits you with a +4 quarterstaff of chaos!
* * * LOW HITPOINT WARNING * * *
You hit Crazy Yiuf but do no damage.
Your tail-slap misses Crazy Yiuf.
Crazy Yiuf is heavily wounded.
Crazy Yiuf closely misses you.
You are engulfed in poison gas.
You are lethally poisoned!
* * * LOW HITPOINT WARNING * * *
x2 You feel very sick.
You bump into the tree.
You are engulfed in poison gas.
You are more poisoned.
* * * LOW HITPOINT WARNING * * *
x2 You feel very sick.
Crazy Yiuf yells, "Key koolooloo snail!"
Crazy Yiuf hits you but does no damage. Crazy Yiuf attacks as you move away!
Crazy Yiuf closely misses you.
You are engulfed in poison gas.
You are more poisoned.
You die...

.###.....#
.###.###.# .#...#
### .#.#.###
...#...# .......#
### ♣♣####
######.# #☼☼§#♣♣
♣♣P...## # ####.#
#§§§'g♣♣♣♣......#
# #....#
#...#♣°@♣.♣P....#
###.#### ###
♣♣♣○♣.P....#
#......#
♣♣♣♣♣##.##
#......# #.#
#.###..# #.# #.#
#..# #.# #.###..#
#.# #...[..# #.#
..##.### #.#


You could see Crazy Yiuf.

Vanquished Creatures
  3 adders (D:2)
  A worm (D:2)
  A dart slug (D:1)
  4 ball pythons
  4 bats
  3 endoplasms
  3 giant cockroaches
  6 goblins
  3 hobgoblins
  4 quokkas
  5 frilled lizards
  7 kobolds
  4 rats
48 creatures vanquished.

Vanquished Creatures (others)
  2 fungi (D:2)
2 creatures vanquished.

Grand Total: 50 creatures vanquished

Notes
Turn   | Place    | Note
-------+----------+-------------------------------------------
     0 | D:1      | KristoblXynda the Draconian Monk began the quest for the
                  | Orb.
     0 | D:1      | Reached XP level 1. HP: 19/19 MP: 1/1
    65 | D:1      | Found an iron altar of Okawaru.
    77 | D:1      | Reached XP level 2. HP: 11/26 MP: 2/2
   850 | D:1      | Reached XP level 3. HP: 28/33 MP: 3/3
   984 | D:2      | Found a faded altar of an unknown god.
  1185 | D:2      | Reached skill level 4 in Fighting
  1546 | D:2      | Reached XP level 4. HP: 40/40 MP: 4/4
  1623 | D:2      | Found Ruwidw Remei's Magic Scroll Shop.
  1645 | D:2      | Bought a scroll of identify for 22 gold pieces
  1645 | D:2      | Bought a scroll of identify for 22 gold pieces
  1645 | D:2      | Bought a scroll of poison for 38 gold pieces
  1922 | D:2      | Found a runed translucent door.
  1923 | D:2      | Noticed Crazy Yiuf
  1940 | D:2      | Engulfed by a cloud of poison gas

Illustrated notes

Levels and vault maps discovered:
D:1:      ncdulo_lavacross, layout_loops_ring, minmay_hexomino_r4
D:2:      layout_loops_cross, serial_shops, nicolae_shop_waterfront,
          basic_ecumenical_altar, minmay_misc_feat_doors, minmay_circle_x,
          uniq_crazy_yiuf_cottage

Skill      XL: |  1  2  3 |
---------------+----------+-----
Dodging        | 3 |  3.4
Fighting       | 4 |  4.2
Stealth        | |  1.7
Unarmed Combat | |  3.7

Action                   |  1- 3 |  4- 6 || total
-------------------------+-------+-------++-------
Melee: Unarmed           |   157 |    42 ||   199
       Tailslap          |    25 |     5 ||    30
       Punch             |     2 |     3 ||     5
  Use: Scroll            |       |     3 ||     3
       Potion            |       |     1 ||     1
 Stab: Sleeping          |     5 |       ||     5
Armor: Skin              |    55 |     7 ||    62
Dodge: Dodged            |   110 |    30 ||   140

Table legend: (Time is in decaauts)
 A = Elapsed time spent in this place.
 B = Non-inter-level travel time spent in this place.
 C = Inter-level travel time spent in this place.
 D = Time resting spent in this place.
 E = Time spent auto-exploring this place.
 F = Levels seen in this place.
 G = Mean time per level.
                   A        B        C        D        E       F      G
               +--------+--------+--------+--------+--------+-----+--------+
         Total |   1930 |   1923 |      7 |    174 |   1345 |   2 |  965.0 |
       Dungeon |   1930 |   1923 |      7 |    174 |   1345 |   2 |  965.0 |
               +--------+--------+--------+--------+--------+-----+--------+

Top non-repeatable levels by time:
     D:1: 979 daAuts
     D:2: 950 daAuts
